 Dungeon Crawl Stone Soup version 0.28-a0-1286-g6bde065e89 (webtiles) character file.

Game seed: 4053185690710851752

214 Zonian the Gusty (level 5, 0/28 HPs)
             Began as a Tengu Air Elementalist on Dec 26, 2021.
             Killed from afar by Ijyb (7 damage)
             ... with a puff of flame
             ... on level 3 of the Dungeon.
             The game lasted 00:08:42 (6432 turns).

Zonian the Gusty (Tengu Air Elementalist)           Turns: 6432, Time: 00:08:43

Health: 0/28       AC:  3    Str: 10    XL:     5   Next: 91%
Magic:  1/10       EV: 15    Int: 16    God:
Gold:   104        SH:  0    Dex: 14    Spells: 6/9 levels left

rFire   . . .      SeeInvis .   i - +3 dagger (drain)
rCold   . . .      Faith    .   (no shield)
rNeg    . . .      Spirit   .   a - +0 robe
rPois   .          Reflect  .   (helmet restricted)
rElec   .          Harm     .   b - +0 cloak
rCorr   .          Rampage  .   (no gloves)
Will    +....                   (boots unavailable)
Stlth   ++........              (no amulet)
HPRegen 0.09/turn               o - ring of willpower
MPRegen 0.12/turn               (no ring)

@: flying quickly and evasively, quick
A: beak, talons 3, nimble flight
a: no special abilities


You were on level 3 of the Dungeon.
You visited 1 branch of the dungeon, and saw 3 of its levels.

You collected 104 gold pieces.

Inventory:

Hand Weapons
 e - a +0 dagger of venom
 g - a +0 hand crossbow
 h - a +0 dagger of speed
 i - a +3 dagger of draining (weapon)
Armour
 a - a +0 robe (worn)
 b - a +0 cloak (worn)
 f - a scarf of invisibility
Jewellery
 c - an amulet of faith
 o - a ring of willpower (left hand)
Scrolls
 k - a scroll of enchant armour
 l - 2 scrolls of silence
 m - 3 scrolls of magic mapping
Potions
 d - 2 potions of attraction
 j - a potion of magic
 n - 2 potions of flight
 p - a potion of curing {unknown}
 q - a potion of heal wounds {unknown}
 r - a potion of ambrosia {unknown}
 s - a potion of resistance {unknown}
 t - 3 potions of degeneration {unknown}
 u - a potion of mutation {unknown}


   Skills:
 + Level 1.8 Short Blades
 + Level 3.2 Dodging
 + Level 3.3 Stealth
 + Level 2.8 Spellcasting
 + Level 3.2 Conjurations
 + Level 5.0 Air Magic


You had 6 spell levels left.
You knew the following spells:

 Your Spells              Type           Power      Damage    Failure   Level
a - Shock                 Conj/Air       60%        1d6       3%          1
b - Static Discharge      Conj/Air       15%        N/A       5%          2

Your spell library contained the following spells:

 Spells                   Type           Power      Damage    Failure   Level
 Swiftness                Air            18%        N/A       8%          3
 Airstrike                Air            9%         N/A       24%         4
 Ozocubu's Armour         Ice            2%         N/A       50%         3
 Ozocubu's Refrigeration  Ice            1%         4d5       100%        7


Dungeon Overview and Level Annotations

Branches:
Dungeon (3/15)

Altars:

Shops:
D:3 !

Annotations:
D:3 Ijyb


Innate Abilities, Weirdness & Mutations

You have a beak for a mouth.
You have claws for feet.
Your magical nature lets you fly swiftly and evasively.


Message History

Unknown command.
The zap hits Natasha.
Natasha is almost dead.
The zap hits Ijyb.
Ijyb is moderately wounded.
Natasha barely misses you.
Ijyb screams, "Me very upset!"
Unknown command.
The zap misses Natasha.
The zap hits Ijyb.
Ijyb is heavily wounded.
Natasha misses you.
Unknown command.
You hit Natasha.
You kill Natasha!
You feel Natasha's spirit has finally been put to rest.
Your Air Magic skill increases to level 5!
Unknown command.
You barely miss Ijyb. Your kick misses Ijyb.
Ijyb is heavily wounded.
Ijyb barely misses you.
You hit Ijyb but do no damage. You drain Ijyb.
Ijyb is heavily wounded.
Ijyb barely misses you.
You hit Ijyb but do no damage. You drain Ijyb.
Ijyb is severely wounded.
Ijyb hits you with a +0 dagger.
You barely miss Ijyb. You claw Ijyb, but do no damage.
Ijyb is severely wounded.
Ijyb barely misses you.
You hit Ijyb. You peck Ijyb, but do no damage.
Ijyb is severely wounded.
Ijyb zaps a wand.
The puff of flame hits you!
* * * LOW HITPOINT WARNING * * *
You hit Ijyb but do no damage. You drain Ijyb. Your kick misses Ijyb.
Ijyb is severely wounded.
Ijyb zaps a wand.
The puff of flame misses you.
You hit Ijyb. You drain Ijyb. Your kick misses Ijyb.
Ijyb is almost dead.
Ijyb zaps a wand.
The puff of flame hits you!
You die...

##.##.#...#..#........<.....#.##.
##.##........#....##..........##.
............................)....
....#.#...#..#...................
#...#........#...####..#.........
#.........#..#...####............
.............#..............#....
#...#.#.#.##.#...###........#....
#...#.#.........@................
#.รท.......#......g...............
#..##.#..##.##...#.#.............
#..##.#..##.##...................
#..##...........##.#.##..#.##.###
##.##.#..........................
##.##.#..##....###.............##
...##.#..##..................#.##
...)<.#..##..#.#####.#...........


You could see Ijyb (drained).

Vanquished Creatures
  Natasha (thrice) (D:3)
  Robin (D:2)
  6 adders
  3 dart slugs
  3 orcs (D:2)
  4 ball pythons
  6 endoplasms
  3 giant cockroaches
  13 goblins
  9 hobgoblins
  2 quokkas (D:1)
  2 bats
  4 frilled lizards
  2 kobolds (D:1)
  7 rats
68 creatures vanquished.

Vanquished Creatures (others)
  4 fungi (D:3)
  2 plants (D:3)
6 creatures vanquished.

Grand Total: 74 creatures vanquished

Notes
Turn   | Place    | Note
-------+----------+-------------------------------------------
     0 | D:1      | Zonian the Tengu Air Elementalist began the quest for the
                  | Orb.
     0 | D:1      | Reached XP level 1. HP: 10/10 MP: 4/4
   250 | D:1      | Reached XP level 2. HP: 15/15 MP: 0/6
  1530 | D:1      | Reached XP level 3. HP: 19/19 MP: 5/7
  1536 | D:1      | Learned a level 2 spell: Static Discharge
  3297 | D:2      | Reached XP level 4. HP: 24/24 MP: 6/8
  4227 | D:3      | Noticed Robin
  4242 | D:3      | Noticed Ijyb
  4252 | D:2      | Reached skill level 1 in Short Blades
  4562 | D:3      | Found Paigab's Distillery.
  4660 | D:2      | Killed Robin
  4853 | D:2      | Gained mutation: Your magical nature lets you fly swiftly
                  | and evasively. [Tengu growth]
  4853 | D:2      | Reached XP level 5. HP: 9/28 MP: 4/9
  5511 | D:3      | Found a faded altar of an unknown god.
  6160 | D:3      | Noticed Natasha
  6162 | D:3      | Killed Natasha
  6337 | D:3      | Noticed Natasha
  6344 | D:3      | Killed Natasha
  6413 | D:3      | Noticed Natasha
  6425 | D:3      | Killed Natasha
  6426 | D:3      | Reached skill level 5 in Air Magic
  6432 | D:3      | Killed from afar by Ijyb

Illustrated notes

Levels and vault maps discovered:
D:1:      lemuel_arrival_muddy, layout_loops_ring
D:2:      layout_loops_ring, eino_curves_02, patterned_corridor
D:3:      layout_basic, serial_shops, nicolae_shop_statue_plus,
          shapermc_ecumenical_altar_ellora, uniq_ijyb, uniq_natasha, uniq_robin

Skill      XL: |  1  2  3  4  5 |
---------------+----------------+-----
Conjurations   | 2 3 |  3.2
Short Blades   | 1 |  1.8
Stealth        | 3 |  3.3
Dodging        | 3 |  3.2
Air Magic      | 5 |  5.0
Spellcasting   | |  2.8

Action                   |  1- 3 |  4- 6 || total
-------------------------+-------+-------++-------
Melee: Unarmed           |    14 |       ||    14
       Peck              |     6 |     7 ||    13
       Kick              |     6 |    13 ||    19
       Dagger            |    22 |    50 ||    72
 Cast: Shock             |    37 |    43 ||    80
       Static Discharge  |       |     5 ||     5
  Use: Scroll            |     4 |     4 ||     8
 Stab: Sleeping          |     3 |       ||     3
Armor: Robe              |     5 |     8 ||    13
Dodge: Dodged            |    23 |    40 ||    63

Table legend: (Time is in decaauts)
 A = Elapsed time spent in this place.
 B = Non-inter-level travel time spent in this place.
 C = Inter-level travel time spent in this place.
 D = Time resting spent in this place.
 E = Time spent auto-exploring this place.
 F = Levels seen in this place.
 G = Mean time per level.
                   A        B        C        D        E       F      G
               +--------+--------+--------+--------+--------+-----+--------+
         Total |   6353 |   6150 |    203 |   3374 |   1964 |   3 | 2117.7 |
       Dungeon |   6353 |   6150 |    203 |   3374 |   1964 |   3 | 2117.7 |
               +--------+--------+--------+--------+--------+-----+--------+

Top non-repeatable levels by time:
     D:1: 2704 daAuts
     D:2: 2498 daAuts
     D:3: 1150 daAuts
